 Dungeon Crawl Stone Soup version 0.31-a0-1082-g7d1fb776a8 (webtiles) character file.

Game seed: 12467665561134788341

66 Flugslaktarn the Changeling (level 4, -6/29 HPs)
             Began as an Octopode Shapeshifter on Nov 28, 2023.
             Mangled by a gnoll
             ... wielding a +0 spear
              (10 damage)
             ... on level 2 of the Dungeon.
             The game lasted 00:00:38 (1035 turns).

Flugslaktarn the Changeling (Octopode Shapeshifter) Turns: 1035, Time: 00:00:38

Health: -6/29      AC:  1    Str: 13    XL:     4   Next: 15%
Magic:  4/4        EV: 13    Int: 12    God:
Gold:   51         SH:  0    Dex: 13    Spells: 3/3 levels left

rFire   . .          .
                       - Unarmed
rCold   . . .        (no shield)
rNeg    . . .        (helmet currently unavailable)
rPois   .            (no amulet)
rElec   .            (no ring)
rCorr   .            (no ring)
SInv    .            (no ring)
Will    .....        (no ring)
Stlth   ++           (no ring)
HPRegen 0.24/turn    (no ring)
MPRegen 0.09/turn    (no ring)
                     (no ring)

%: no passive effects
@: beast-form, weak-willed
A: beast (slay +2), almost no armour, amphibious, 8 rings, camouflage 1,
gelatinous body 1, (nimble swimmer 1), tentacles
a: Begin Untransformation


You were on level 2 of the Dungeon.
You were a hulking beast.
You visited 1 branch of the dungeon, and saw 2 of its levels.

You collected 51 gold pieces.

Inventory:

Talismans
 b - a beast talisman
 c - a flux talisman
Scrolls
 i - a scroll of enchant weapon {unknown}
Potions
 a - 2 potions of lignification
 g - a potion of ambrosia {unknown}
 h - a potion of curing {unknown}


   Skills:
 + Level 2.0 Fighting
 - Level 2.0 Dodging
 + Level 3.5 Unarmed Combat
 * Level 3.9 Shapeshifting


You had 3 spell levels left.
You didn't know any spells.
Your spell library was empty.

Dungeon Overview and Level Annotations

Branches:
Dungeon (2/15)

Altars:

Annotations:
D:2 Natasha


Innate Abilities, Weirdness & Mutations

You are a hulking beast.
Your limbs bulge with bestial killing power. (Slay +2)
You cannot wear most types of armour.
You are amphibious.
You can wear up to eight rings at the same time.
Your skin changes colour to match your surroundings (Stealth+).
Your rubbery body absorbs attacks. (AC +1, EV +1)
((You are camouflaged when in or above water. (Stealth+)))
You have tentacles for arms and can constrict up to eight enemies at once.


Message History

You squeeze the kobold.
The kobold is severely wounded.
The kobold hits you with a +0 club.
You tentacle-slap the kobold.
You kill the kobold!
You barely miss the frilled lizard. Your grab misses the frilled lizard.
The frilled lizard bites you.
You closely miss the frilled lizard. You grab the frilled lizard.
You squeeze the frilled lizard.
You kill the frilled lizard!
No target in view!
No target in view!
Things that are here:
a +0 club; a frilled lizard corpse; a kobold corpse An endoplasm comes into view.
An endoplasm is nearby!
An endoplasm is nearby!
No target in view!
No target in view!
No target in view!
No target in view!
No target in view!
No target in view!
Found an escape hatch in the floor.
No target in view!
i - a scroll labelled RODWUS DOITYDE No target in view!
No target in view!
An endoplasm comes into view.
An endoplasm is nearby!
An endoplasm is nearby!
The endoplasm closely misses you.
You tentacle-slap the endoplasm.
The endoplasm is almost dead.
The endoplasm misses you.
You tentacle-slap the endoplasm.
You kill the endoplasm!
No target in view!
No target in view!
A goblin comes into view. It is wielding a +0 dagger.
The goblin shouts!
A goblin is nearby!
A goblin is nearby!
You tentacle-slap the goblin.
You kill the goblin!
Your Fighting skill increases to level 2!
No target in view!
No target in view!
No target in view!
No target in view!
No target in view!
A goblin comes into view.
It is wielding a +0 club. 2 gnolls come into view.
A gnoll is wielding a +0 flail of protection.
Found a white potion.
There are monsters nearby!
There are monsters nearby!
A gnoll comes into view. It is wielding a +0 spear.
A gnoll comes into view. It is wielding a +0 spear.
The gnoll shouts! x3
An adder comes into view.
The goblin hits you with a +0 club.
The adder hisses angrily.
You closely miss the goblin.
The gnoll shouts!
Your grab misses the goblin. The gnoll barely misses you.
The goblin hits you with a +0 club.
Unknown command.
The adder falls through a shaft!
The shaft crumbles and collapses.
Natasha, Servant of Life and Death comes into view.
The goblin attacks as it pursues you! The goblin closely misses you.
The goblin attacks as it pursues you! The goblin hits you with a +0 club.
Okay, then.
The goblin closely misses you.
The gnoll hits you from afar with a +0 spear.
You barely miss the goblin. You grab the goblin. You constrict the goblin.
The goblin hits you with a +0 club.
The gnoll hits you from afar with a +0 spear.
You bludgeon the goblin!
You kill the goblin!
The gnoll hits you from afar with a +0 spear.
You are too injured to fight recklessly!
You are too injured to fight recklessly!
Unknown command.
The gnoll attacks as it pursues you! The gnoll barely misses you.
As you read the scroll labelled KIRRA UDATT, it dissolves into smoke.
It was a scroll of fog.
The gnoll completely misses you.
Unknown command.
The gnoll attacks as it pursues you!
The gnoll hits you from afar with a +0 spear!
* * * LOW HITPOINT WARNING * * *
As you read the scroll labelled VEITHREE TAUK, it crumbles to dust.
You hear a loud clanging noise!
It was a scroll of noise.
You hear an angry hiss. x2; You hear a shout! x2
The gnoll barely misses you.
As you read the scroll labelled BISTRE QIMUBA, it crumbles to dust.
Magic quickly surges around you.
It was a scroll of vulnerability.
The gnoll hits you from afar with a +0 spear!
You die...

####..........#
#..).......#
###........#
#.#...####
#.#.########
#...........
###§########
#§# ##.#h#
h..#§# #..#g#
#..#§# #..#§#
#..#g# #..#g#
#....#####
#..........


You could see a gnoll (weak-willed).

Vanquished Creatures
  Natasha (D:2)
  An adder (D:2)
  2 dart slugs (D:1)
  3 endoplasms
  8 goblins
  3 hobgoblins (D:1)
  3 ball pythons
  A bat (D:1)
  A frilled lizard (D:2)
  6 kobolds
29 creatures vanquished.

Notes
Turn   | Place    | Note
-------+----------+-------------------------------------------
     0 | D:1      | Flugslaktarn the Octopode Shapeshifter began the quest for
                  | the Orb.
     0 | D:1      | Reached XP level 1. HP: 13/13 MP: 1/1
   134 | D:1      | Reached XP level 2. HP: 18/18 MP: 2/2
   457 | D:1      | Reached XP level 3. HP: 21/23 MP: 3/3
   848 | D:2      | Noticed Natasha
   853 | D:2      | Killed Natasha
   854 | D:2      | Reached XP level 4. HP: 26/29 MP: 4/4
  1021 | D:2      | Noticed Natasha
  1035 | D:2      | Mangled by a gnoll

Illustrated notes

Levels and vault maps discovered:
D:1:      tarquinn_simple_flora_water_f, layout_loops_ring,
          minmay_shallow_snake_nest
D:2:      layout_loops_ring, nicolae_elevator_lobby_plus, uniq_natasha

Skill      XL: |  1  2  3  4 |
---------------+-------------+-----
Fighting       | 2 |  2.0
Dodging        | |  2.0
Unarmed Combat | |  3.5
Shapeshifting  | |  3.9

Action                     |  1- 3 |  4- 6 || total
---------------------------+-------+-------++-------
  Melee: Unarmed           |    43 |    10 ||    53
         Constrict         |    16 |     2 ||    18
         Punch             |     2 |       ||     2
         Tentacles         |     5 |     2 ||     7
    Use: Scroll            |       |     3 ||     3
   Stab: Sleeping          |     4 |       ||     4
 Armour: Skin              |    13 |    11 ||    24
  Dodge: Dodged            |    19 |     8 ||    27

Table legend: (Time is in decaauts)
 A = Elapsed time spent in this place.
 B = Non-inter-level travel time spent in this place.
 C = Inter-level travel time spent in this place.
 D = Time resting spent in this place.
 E = Time spent auto-exploring this place.
 F = Levels seen in this place.
 G = Mean time per level.
                   A        B        C        D        E       F      G
               +--------+--------+--------+--------+--------+-----+--------+
         Total |   1031 |    995 |     36 |      0 |    813 |   2 |  515.5 |
       Dungeon |   1031 |    995 |     36 |      0 |    813 |   2 |  515.5 |
               +--------+--------+--------+--------+--------+-----+--------+

Top non-repeatable levels by time:
     D:1: 801 daAuts
     D:2: 229 daAuts
